PL
CHICAGO GOLD SOX @ VANCOUVER GREY WOLVES
07/09/2023
 
TOP OF THE 1ST
Chicago Gold Sox batting - Pitching for Vancouver Grey Wolves : LHP Seung-hyeon So
Pitching: LHP Seung-hyeon So
Batting: RHB David Edwards 0-0: Ball
1-0: Ball
2-0: Called Strike
2-1: SINGLE (Groundball, 56D)
Batting: RHB Tyrone Scott 0-0: Ball
1-0: Called Strike
1-1: Ball
2-1: Foul Ball, location: 2F
2-2: Strikes out swinging
Batting: LHB Michael Greene 0-0: Ball
1-0: Foul Ball, location: 2F
1-1: Swinging Strike
1-2: Foul Ball, location: 2F
1-2: Strikes out swinging
Batting: LHB Chris Gregory 0-0: Ground out 5-3 (Groundball, 5S)
Top of the 1st over - 0 run(s), 1 hit(s), 0 error(s), 1 left on base; Chicago 0 - Vancouver 0
BOTTOM OF THE 1ST
Vancouver Grey Wolves batting - Pitching for Chicago Gold Sox : RHP Raúl Areola
Pitching: RHP Raúl Areola
Batting: LHB Héctor Cortéz 0-0: Called Strike
0-1: Fly out, F9 (Flyball, 89D)
Batting: LHB Timmy Appeldoorn 0-0: Ground out 4-3 (Groundball, 4)
Batting: RHB Travis Newsome 0-0: Swinging Strike
0-1: Foul Ball, location: 2F
0-2: Ball
1-2: Fly out, F5 (Popup, 5DF)
Bottom of the 1st over - 0 run(s), 0 hit(s), 0 error(s), 0 left on base; Chicago 0 - Vancouver 0
TOP OF THE 2ND
Chicago Gold Sox batting - Pitching for Vancouver Grey Wolves : LHP Seung-hyeon So
Batting: LHB Melvin Castro 0-0: Called Strike
0-1: Ball
1-1: Ball
2-1: Called Strike
2-2: Foul Ball, location: 2F
2-2: Foul Ball, location: 2F
2-2: Foul Ball, location: 2F
2-2: SINGLE (Line Drive, 4M)
Batting: LHB Michael Neely 0-0: Called Strike
0-1: SINGLE (Line Drive, 8RS)
Melvin Castro to second
Batting: LHB Chris Hill 0-0: Foul Ball, location: 2F
0-1: Fly out, F4 (Popup, 4MD)
Batting: LHB Eddie Flynn 0-0: Ball
1-0: Fly out, F4 (Popup, 4MD)
Batting: LHB Noel Ballard 0-0: Called Strike
0-1: Called Strike
0-2: Strikes out swinging
Top of the 2nd over - 0 run(s), 2 hit(s), 0 error(s), 2 left on base; Chicago 0 - Vancouver 0
BOTTOM OF THE 2ND
Vancouver Grey Wolves batting - Pitching for Chicago Gold Sox : RHP Raúl Areola
Batting: LHB Min-heui Im 0-0: Ball
1-0: Swinging Strike
1-1: Called Strike
1-2: Ball
2-2: Foul Ball, location: 2F
2-2: Ground out 6-3 (Groundball, 4M)
Batting: LHB David Hubbard 0-0: Ball
1-0: Foul Ball, location: 2F
1-1: Foul Ball, location: 2F
1-2: Ball
2-2: Fly out, F4 (Line Drive, 4)
Batting: SHB Gregg Wagner 0-0: Foul Ball, location: 2F
0-1: Swinging Strike
0-2: Fly out, F7 (Flyball, 7LM)
Bottom of the 2nd over - 0 run(s), 0 hit(s), 0 error(s), 0 left on base; Chicago 0 - Vancouver 0
TOP OF THE 3RD
Chicago Gold Sox batting - Pitching for Vancouver Grey Wolves : LHP Seung-hyeon So
Batting: RHB David Edwards 0-0: Ball
1-0: Ball
2-0: SINGLE (Groundball, 56D)
Batting: RHB Tyrone Scott 0-0: Ball
1-0: Called Strike
1-1: Ball
2-1: Called Strike
2-2: Fly out, F3 (Popup, 4S)
Batting: LHB Michael Greene 0-0: Foul Ball, location: 2F
0-1: Swinging Strike
0-2: Fly out, F8 (Flyball, 8LXD)
Batting: LHB Chris Gregory 0-0: Ground out U3 (Groundball, 3L)
Top of the 3rd over - 0 run(s), 1 hit(s), 0 error(s), 1 left on base; Chicago 0 - Vancouver 0
BOTTOM OF THE 3RD
Vancouver Grey Wolves batting - Pitching for Chicago Gold Sox : RHP Raúl Areola
Batting: LHB José Alonso 0-0: Foul Ball, location: 2F
0-1: Foul Ball, location: 2F
0-2: Ball
1-2: Foul Ball, location: 2F
1-2: Ball
2-2: Strikes out swinging
Batting: RHB Alfredo Méndez 0-0: Called Strike
0-1: Swinging Strike
0-2: Ball
1-2: Ball
2-2: Ground out 6-3 (Groundball, 6)
Batting: RHB Enrique Fuentes 0-0: Called Strike
0-1: Called Strike
0-2: Ball
1-2: Ball
2-2: Strikes out swinging
Bottom of the 3rd over - 0 run(s), 0 hit(s), 0 error(s), 0 left on base; Chicago 0 - Vancouver 0
TOP OF THE 4TH
Chicago Gold Sox batting - Pitching for Vancouver Grey Wolves : LHP Seung-hyeon So
Batting: LHB Melvin Castro 0-0: Ball
1-0: Swinging Strike
1-1: Foul Ball, location: 2F
1-2: Strikes out swinging
Batting: LHB Michael Neely 0-0: Ball
1-0: Called Strike
1-1: Foul Ball, location: 2F
1-2: Foul Ball, location: 2F
1-2: Ball
2-2: Ball
3-2: SINGLE (Groundball, 34D)
Batting: LHB Chris Hill 0-0: Ball
1-0: Ball
2-0: Ball
3-0: Base on Balls
Michael Neely to second
Batting: LHB Eddie Flynn 0-0: Called Strike
0-1: Ball
1-1: Called Strike
1-2: Ball
2-2: Strikes out looking
Batting: LHB Noel Ballard 0-0: Ball
1-0: Called Strike
1-1: Foul Ball, location: 2F
1-2: Strikes out swinging
Top of the 4th over - 0 run(s), 1 hit(s), 0 error(s), 2 left on base; Chicago 0 - Vancouver 0
BOTTOM OF THE 4TH
Vancouver Grey Wolves batting - Pitching for Chicago Gold Sox : RHP Raúl Areola
Batting: LHB Héctor Cortéz 0-0: Ground out U3 (Groundball, 3S)
Batting: LHB Timmy Appeldoorn 0-0: Fly out, F9 (Flyball, 89M)
Batting: RHB Travis Newsome 0-0: Called Strike
0-1: Ball
1-1: Ball
2-1: Foul Ball, location: 2F
2-2: Strikes out looking
Bottom of the 4th over - 0 run(s), 0 hit(s), 0 error(s), 0 left on base; Chicago 0 - Vancouver 0
TOP OF THE 5TH
Chicago Gold Sox batting - Pitching for Vancouver Grey Wolves : LHP Seung-hyeon So
Batting: RHB David Edwards 0-0: Called Strike
0-1: Ball
1-1: Ball
2-1: Fly out, F8 (Flyball, 8RXD)
Batting: RHB Tyrone Scott 0-0: Swinging Strike
0-1: Ball
1-1: Ball
2-1: Called Strike
2-2: Strikes out swinging
Batting: LHB Michael Greene 0-0: Swinging Strike
0-1: Ball
1-1: Called Strike
1-2: Foul Ball, location: 2F
1-2: Ground out 1-3 (Groundball, 13)
Top of the 5th over - 0 run(s), 0 hit(s), 0 error(s), 0 left on base; Chicago 0 - Vancouver 0
BOTTOM OF THE 5TH
Vancouver Grey Wolves batting - Pitching for Chicago Gold Sox : RHP Raúl Areola
Batting: LHB Min-heui Im 0-0: Called Strike
0-1: Foul Ball, location: 2F
0-2: Reached on error, E4 (Groundball, 34)
Batting: LHB David Hubbard 0-0: Called Strike
0-1: Foul Ball, location: 2F
0-2: Grounds into double play, 1-6-3 (Groundball, 13S)
Batting: SHB Gregg Wagner 0-0: Called Strike
0-1: Called Strike
0-2: Ball
1-2: Ball
2-2: SINGLE (Groundball, 6MD)
Batting: LHB José Alonso 0-0: Ball
1-0: Called Strike
Gregg Wagner steals 2nd base
1-1: Ball
2-1: Ground out 4-3 (Groundball, 4)
Bottom of the 5th over - 0 run(s), 1 hit(s), 1 error(s), 1 left on base; Chicago 0 - Vancouver 0
TOP OF THE 6TH
Chicago Gold Sox batting - Pitching for Vancouver Grey Wolves : LHP Seung-hyeon So
Batting: LHB Chris Gregory 0-0: Called Strike
0-1: Swinging Strike
0-2: Ball
1-2: Fly out, F6 (Line Drive, 6)
Batting: LHB Melvin Castro 0-0: Foul Ball, location: 2F
0-1: Called Strike
0-2: SINGLE (Line Drive, 78S)
Batting: LHB Michael Neely 0-0: Ball
1-0: Fly out, F9 (Line Drive, 9M)
Batting: LHB Chris Hill 0-0: Called Strike
0-1: Ball
1-1: Ground out 3-1 (Groundball, 34S)
Top of the 6th over - 0 run(s), 1 hit(s), 0 error(s), 1 left on base; Chicago 0 - Vancouver 0
BOTTOM OF THE 6TH
Vancouver Grey Wolves batting - Pitching for Chicago Gold Sox : RHP Raúl Areola
Batting: RHB Alfredo Méndez 0-0: Ball
1-0: Fly out, F9 (Flyball, 9M)
Batting: RHB Enrique Fuentes 0-0: Swinging Strike
0-1: Swinging Strike
0-2: Ball
1-2: Strikes out swinging
Batting: LHB Héctor Cortéz 0-0: Ball
1-0: Ground out U3 (Groundball, 3S)
Bottom of the 6th over - 0 run(s), 0 hit(s), 0 error(s), 0 left on base; Chicago 0 - Vancouver 0
TOP OF THE 7TH
Chicago Gold Sox batting - Pitching for Vancouver Grey Wolves : LHP Seung-hyeon So
Batting: LHB Eddie Flynn 0-0: Ball
1-0: Ball
2-0: Called Strike
2-1: Ball
3-1: Swinging Strike
3-2: Strikes out swinging
Batting: LHB Noel Ballard 0-0: Ball
1-0: Ball
2-0: Ball
3-0: Called Strike
3-1: Called Strike
3-2: Foul Ball, location: 2F
3-2: Foul Ball, location: 2F
3-2: Strikes out looking
Batting: RHB David Edwards 0-0: Called Strike
0-1: Foul Ball, location: 2F
0-2: Foul Ball, location: 2F
0-2: Ball
1-2: Foul Ball, location: 2F
1-2: Foul Ball, location: 2F
1-2: Ground out 6-3 (Groundball, 6M)
Top of the 7th over - 0 run(s), 0 hit(s), 0 error(s), 0 left on base; Chicago 0 - Vancouver 0
BOTTOM OF THE 7TH
Vancouver Grey Wolves batting - Pitching for Chicago Gold Sox : RHP Raúl Areola
Batting: LHB Timmy Appeldoorn 0-0: Foul Ball, location: 2F
0-1: Foul Ball, location: 2F
0-2: Ball
1-2: SOLO HOME RUN (Flyball, 89XD), Distance : 361 ft
Batting: RHB Travis Newsome 0-0: Called Strike
0-1: Called Strike
0-2: Ball
1-2: Ball
2-2: Ground out 5-3 (Groundball, 15S)
Batting: LHB Min-heui Im 0-0: Ball
1-0: Ball
2-0: Ground out 6-3 (Groundball, 4M)
Batting: LHB David Hubbard 0-0: Ball
1-0: Ball
2-0: SINGLE (Line Drive, 89S)
Batting: SHB Gregg Wagner 0-0: Ball
1-0: Fly out, F7 (Flyball, 7S)
Bottom of the 7th over - 1 run(s), 2 hit(s), 0 error(s), 1 left on base; Chicago 0 - Vancouver 1
TOP OF THE 8TH
Chicago Gold Sox batting - Pitching for Vancouver Grey Wolves : LHP Seung-hyeon So
Pitching: LHP Kevin Woods
Batting: RHB Tyrone Scott 0-0: Called Strike
0-1: Called Strike
0-2: Foul Ball, location: 2F
0-2: Ball
1-2: Strikes out swinging
Batting: LHB Michael Greene 0-0: Swinging Strike
0-1: Ball
1-1: Ball
2-1: Swinging Strike
2-2: Fly out, F8 (Flyball, 8LD)
Batting: LHB Chris Gregory 0-0: Ball
1-0: Swinging Strike
1-1: Ball
2-1: Foul Ball, location: 2F
2-2: Ground out 4-3 (Groundball, 4)
Top of the 8th over - 0 run(s), 0 hit(s), 0 error(s), 0 left on base; Chicago 0 - Vancouver 1
BOTTOM OF THE 8TH
Vancouver Grey Wolves batting - Pitching for Chicago Gold Sox : RHP Raúl Areola
Batting: LHB José Alonso 0-0: SINGLE (Groundball, 34D)
Batting: RHB Alfredo Méndez 0-0: Ball
1-0: SINGLE (Line Drive, 78S)
José Alonso to second
Pinch Runner at 2nd Eric O'Neill:
Batting: RHB Enrique Fuentes 0-0: Ball
1-0: Swinging Strike
1-1: Called Strike
1-2: Ball
2-2: Foul Ball, location: 2F
2-2: Ball
3-2: Base on Balls
Eric O'Neill to third
Alfredo Méndez to second
Batting: LHB Héctor Cortéz 0-0: SINGLE (Line Drive, 78S)
Eric O'Neill scores
Alfredo Méndez to third
Enrique Fuentes to second
Batting: LHB Timmy Appeldoorn 0-0: Ball
1-0: Foul Ball, location: 2F
1-1: SINGLE (Line Drive, 8RS)
Alfredo Méndez scores
Enrique Fuentes to third
Héctor Cortéz to second
Runner from 3rd tries for Home, SAFE, throw made home
Batting: RHB Travis Newsome 0-0: DOUBLE (Flyball, 78XD)
Héctor Cortéz scores
Timmy Appeldoorn to third
Pitching: RHP Augusto Dávila
Batting: LHB Min-heui Im 0-0: Ball
1-0: Foul Ball, location: 2F
1-1: Ball
2-1: Fly out, F1 (Popup, 34S)
Batting: LHB David Hubbard 0-0: Called Strike
0-1: Foul Ball, location: 2F
0-2: Strikes out swinging
Batting: SHB Gregg Wagner 0-0: Ball
1-0: Foul Ball, location: 2F
1-1: Swinging Strike
1-2: Ball
2-2: Ground out U3 (Groundball, 3)
Bottom of the 8th over - 4 run(s), 5 hit(s), 0 error(s), 2 left on base; Chicago 0 - Vancouver 5
TOP OF THE 9TH
Chicago Gold Sox batting - Pitching for Vancouver Grey Wolves : LHP Kevin Woods
Pitching: RHP David Hudson
Batting: LHB Melvin Castro 0-0: Ball
1-0: Foul Ball, location: 2F
1-1: SINGLE (Groundball, 4MD)
Batting: LHB Michael Neely 0-0: Called Strike
0-1: Foul Ball, location: 2F
0-2: Strikes out swinging
Batting: LHB Chris Hill 0-0: Called Strike
0-1: Ball
1-1: Ball
2-1: Swinging Strike
2-2: Ball
Passed Ball!
Melvin Castro to second
3-2: Strikes out swinging
Batting: LHB Eddie Flynn 0-0: SINGLE (Groundball, 25) (infield hit)
Melvin Castro to third
Batting: LHB Noel Ballard 0-0: Called Strike
0-1: Ball
1-1: Ball
2-1: Swinging Strike
2-2: Ball
3-2: Foul Ball, location: 2F
3-2: Fly out, F9 (Line Drive, 9M)
Top of the 9th over - 0 run(s), 2 hit(s), 0 error(s), 2 left on base; Chicago 0 - Vancouver 5
This league is powered by Out of the Park Baseball, the baseball management simulation game for PC, Mac and Linux
Friday, July 8th, 2016 - OOTP Baseball 16.9 Build 39